 Dungeon Crawl Stone Soup version 0.16.1-2-g95b8d4c (webtiles) character file.

147 DogShitOnMyToe the Chopper (level 5, 0/41 HPs)
             Began as a Demonspawn Abyssal Knight on Mar 25, 2015.
             Was a Believer of Lugonu.
             Succumbed to an adder's poison
             ... on level 4 of the Dungeon.
             The game lasted 00:04:24 (2433 turns).

DogShitOnMyToe the Chopper (DsAK)                   Turns: 2433, Time: 00:04:24

Health: 0/41       AC:  4    Str: 18    XL:     5   Next: 8%
Magic:  6/6        EV: 10    Int: 13    God:    Lugonu [**....]
Gold:   98         SH:  3    Dex: 13    Spells: 0 memorised, 4 levels left

rFire  . . .     SeeInvis .     a - +1 hand axe
rCold  . . .     Clarity  .     r - +0 ring mail
rNeg   . . .     SustAb   .     v - +0 buckler
rPois  .         Gourm    .     (no helmet)
rElec  .         Spirit   .     d - -2 cloak (curse)
rCorr  .         Warding  .     (no gloves)
rMut   .         Stasis   .     (no boots)
MR     .....                    (no amulet)
Stlth  +.........               (no ring)
                                k - ring of stealth

@: mighty, lethally poisoned (0 -> -15), very slightly contaminated, hasted,
very quick, not resistant to hostile enchantments, very unstealthy
A: hooves 1, powered by death 1
a: Depart the Abyss, Bend Space, Renounce Religion


You were on level 4 of the Dungeon.
You worshipped Lugonu.
Lugonu was pleased with you.
You were not hungry.

You visited 1 branch of the dungeon, and saw 4 of its levels.
You visited the Abyss 1 time.

You collected 98 gold pieces.

Inventory:

Hand weapons
 a - a +1 hand axe (weapon)
Armour
 b - a +0 leather armour
 d - a cursed -2 cloak (worn)
 r - a +0 ring mail (worn)
 v - a +0 buckler (worn)
 y - a +0 chain mail
Jewellery
 k - a ring of stealth (left hand)
 u - a +3 ring of strength {unknown}
Magical devices
 x - a wand of paralysis (9)
Scrolls
 e - 3 scrolls of identify {unknown}
 h - a scroll of teleportation {unknown}
 j - a scroll of amnesia {unknown}
 l - a scroll of fear {unknown}
 m - 2 scrolls of random uselessness {unknown}
 n - 2 scrolls of fog {unknown}
 q - a scroll of enchant weapon {unknown}
 t - a scroll of magic mapping {unknown}
Potions
 p - a potion of might
Comestibles
 c - 3 bread rations
 f - a beef jerky
 i - 3 meat rations
 s - a slice of pizza


   Skills:
 - Level 3.0 Fighting
 + Level 4.8 Axes
 - Level 1.7 Armour
 - Level 0.8 Dodging
 - Level 2.4 Invocations


You had 4 spell levels left.
You didn't know any spells.

Dungeon Overview and Level Annotations

Branches:
Dungeon (4/15)
 Temple: D:4-7

Altars:
Makhleb
Xom
The Shining One


Innate Abilities, Weirdness & Mutations

You have large cloven feet.
You can steal the life force of nearby defeated enemies.


Message History

* * * LOW HITPOINT WARNING * * *
You are too injured to fight recklessly!
Unknown command.
Drink which item? (? for menu, Esc to quit)
It was a potion of haste.
You feel yourself speed up.
* * * LOW HITPOINT WARNING * * *
You feel sick. You block the adder's attack.
You are very lightly contaminated with residual magic.
Drink which item? (? for menu, Esc to quit)
It was a potion of poison.
That liquid tasted very nasty...
You are more poisoned.
* * * LOW HITPOINT WARNING * * *
You feel sick. The adder bites you.
* * * LOW HITPOINT WARNING * * *
You are more poisoned.
The adder poisons you!
You hit the adder!
You kill the adder!
Lugonu accepts your kill.
You die...

##.. # #..#
#... .# #..#
#.<.# #.#
#..#
#....##..#
#..#
#.......
####..##
#....#
#......###
#a#
##.........
#†#
##.......###
#@#
##..###...#
#.####..##
##..##
##..#..##
###.##
##...## ##.#
##### ##. ##
# #


You could see a worker ant.

Vanquished Creatures
  A crimson imp (D:3)
  An orc priest (D:3)
  2 adders (D:4)
  A giant mite (D:2)
  A giant gecko (D:3)
  An ooze (D:2)
  4 orcs (D:3)
  4 giant cockroaches
  6 hobgoblins
  4 jackals (D:2)
  10 bats
  3 giant newts
  7 goblins
  2 kobolds
  6 rats
53 creatures vanquished.

Notes
Turn   | Place    | Note
--------------------------------------------------------------
     0 | Abyss:1  | DogShitOnMyToe, the Demonspawn Abyssal Knight, began the quest for the Orb.
     0 | Abyss:1  | Reached XP level 1. HP: 18/18 MP: 1/1
     0 | D:1      | Escaped the Abyss
    80 | D:1      | Acquired Lugonu's first power
   254 | D:1      | Gained mutation: You have large cloven feet. [demonic ancestry]
   254 | D:1      | Reached XP level 2. HP: 24/24 MP: 2/2
   718 | D:2      | Gained mutation: You can steal the life force of nearby defeated enemies. [demonic ancestry]
   718 | D:2      | Reached XP level 3. HP: 13/29 MP: 4/4
  1224 | D:2      | Found a glowing golden altar of the Shining One.
  1648 | D:3      | Acquired Lugonu's second power
  2036 | D:3      | Found a shimmering altar of Xom.
  2036 | D:3      | Found a burning altar of Makhleb.
  2068 | D:3      | Reached skill level 4 in Axes
  2068 | D:3      | Reached XP level 4. HP: 27/35 MP: 5/5
  2378 | D:4      | Reached XP level 5. HP: 31/41 MP: 6/6
  2432 | D:4      | HP: 2/41 [adder (1)]
  2433 | D:4      | Succumbed to an adder's poison

Action                   |  1- 3 |  4- 6 || total
-------------------------+-------+-------++-------
Melee: Hand axe          |   151 |    41 ||   192
Invok: Depart the Abyss  |     1 |       ||     1
  Use: Potion            |     1 |     4 ||     5
 Stab: Sleeping          |     2 |       ||     2
  Eat: Chunk             |     4 |     2 ||     6
